 Dungeon Crawl Stone Soup version 0.28.0 (webtiles) character file.

Game seed: 18195196746250188839

1802 bonscott the Grave Robber (level 8, 0/60 HPs)
             Began as a Vampire Necromancer on Feb 16, 2022.
             Was an Initiate of Sif Muna.
             Slain by an orc wizard (4 damage)
             ... on level 7 of the Dungeon.
             The game lasted 00:55:05 (9296 turns).

bonscott the Grave Robber (Vampire Necromancer)     Turns: 9296, Time: 00:55:05

Health: 0/60       AC:  1    Str:  9    XL:     8   Next: 83%
Magic:  12/15      EV: 12    Int: 18    God:    Sif Muna [......]
Gold:   238        SH:  0    Dex: 16    Spells: 13/17 levels left

rFire   . . .      SeeInvis +   b - +2 club (spect)
rCold   . . .      Faith    .   B - orb {*channel}
rNeg    . . .      Spirit   .   n - +0 robe
rPois   +          Reflect  .   D - +2 helmet
rElec   .          Harm     .   (no cloak)
rCorr   .          Rampage  .   (no gloves)
Will    .....                   (no boots)
Stlth   ++........              (no amulet)
HPRegen 0.40/turn               P - ring of Mojepaxun {rPois Dex+2}
MPRegen 0.14/turn               E - ring of wizardry

@: corroded, healing quickly
A: alive, fangs 3, see invisible, vampiric 2
a: Exsanguinate, Renounce Religion


You were on level 7 of the Dungeon.
You worshipped Sif Muna.
Sif Muna was noncommittal.
You visited 2 branches of the dungeon, and saw 8 of its levels.
You also visited: Ossuary.

You collected 238 gold pieces.

Inventory:

Hand Weapons
 a - a +1 hunting sling
 b - a +2 spectral club (weapon)
 c - a +0 dagger
 z - a +0 club
 C - a +2 dagger of speed
Missiles
 d - 5 poisoned darts
 g - 2 curare-tipped darts
 l - 50 bolts
 s - 34 arrows
 F - 60 stones
Armour
 e - a +1 ring mail
 n - a +0 robe (worn)
 B - an orb of energy (worn)
 D - a +2 helmet (worn)
Magical Staves
 u - a staff of air
Jewellery
 m - a ring of protection from cold
 A - a ring of ice
 E - a ring of wizardry (right hand)
 P - the ring of Mojepaxun (left hand) {rPois Dex+2}
   (You found it on level 6 of the Dungeon)

   [ring of poison resistance]

   Dex:       It affects your dexterity (+2).
   rPois:     It protects you from poison.
Wands
 G - a wand of digging (4)
Scrolls
 f - a scroll of brand weapon {unknown}
 i - a scroll of blinking {unknown}
 k - 2 scrolls of summoning {unknown}
 p - 2 scrolls of enchant weapon
 q - a scroll of enchant armour
 r - 2 scrolls of teleportation {unknown}
 t - a scroll of torment {unknown}
 v - a scroll of fog
 x - a scroll of amnesia {unknown}
 y - 3 scrolls of magic mapping {unknown}
 H - a scroll of fear {unknown}
 I - 2 scrolls of identify
 K - 8 scrolls of noise
 Q - a scroll of vulnerability {unknown}
Potions
 h - a potion of resistance
 j - 2 potions of haste
 o - a potion of cancellation
 w - 3 potions of attraction
 J - 5 potions of curing
 L - 2 potions of mutation {unknown}
 M - a potion of magic {unknown}
 N - 2 potions of might {unknown}
 O - 2 potions of brilliance {unknown}


   Skills:
 - Level 4.1 Fighting
 - Level 4.0 Slings
 - Level 4.0 Armour
 - Level 2.1 Dodging
 - Level 3.0 Stealth
 - Level 5.0 Spellcasting
 + Level 7.6 Necromancy


You had 13 spell levels left.
You knew the following spells:

 Your Spells              Type           Power      Damage    Failure   Level
a - Pain                  Necr           100%       1d9       1%          1
m - Vampiric Draining     Necr           31%        2d8       1%          3

Your spell library contained the following spells:

 Spells                   Type           Power      Damage    Failure   Level
 Animate Skeleton         Necr           62%        N/A       1%          1
 Sublimation of Blood     Necr           31%        N/A       1%          2
 Animate Dead             Necr           15%        N/A       2%          4
 Agony                    Necr           31%        N/A       6%          5
 Petrify                  Tmut/Erth      4%         N/A       45%         4
 Irradiate                Conj/Tmut      2%         3d14      78%         5


Dungeon Overview and Level Annotations

Branches:
Dungeon (7/15)             Temple (1/1) D:5         Ossuary (visited)

Altars:
Ashenzari
Cheibriados
Dithmenos
Fedhas
Gozag
Hepliaklqana
Kikubaaqudgha
Makhleb
Nemelex Xobeh
Okawaru
Qazlal
Sif Muna
Trog
Uskayaw
Vehumet
Wu Jian
Xom
Yredelemnul
Zin
The Shining One

Shops:
D:5 =

Annotations:
D:6 Blork the orc


Innate Abilities, Weirdness & Mutations

Your natural rate of healing is accelerated.
You have razor-sharp teeth.
You have supernaturally acute eyesight. (SInv)
You are afflicted with vampirism and can become a bat while bloodless.


Message History

You open the door.
An orc and an orc wizard come into view.
The orc wizard is wielding a +0 dagger and carrying a wand of acid (6).
An orc wizard comes into view. It is wielding a +0 dagger.
You shoot a stone. The orc wizard shouts!
The stone hits the orc wizard.
The orc wizard is lightly wounded.
A wyvern zombie comes into view.
The orc wizard casts a spell at you.
You are confused.
You bump into the stone wall.
You bump into the stone wall.
An orc comes into view. It is wielding a +0 scimitar.
You bump into the stone wall.
You're too confused to move!
You feel less confused.
Okay, then.
You feel a bond with your +2 spectral club.
b - a +2 spectral club (weapon)
You hit the orc wizard but do no damage.
Your +2 spectral club hits the orc wizard.
The orc wizard zaps a wand.
The bolt of acid hits you!!!
Ouch! That really hurt!
The acid corrodes you! The orc wizard barely misses you.
The orc wizard hits you with a +0 dagger.
You are too injured to fight recklessly!
Unknown command.
Unknown command.
Casting: Vampiric Draining (safe; 1% risk of failure)
Confirm with . or Enter, or press ? or * to list all spells.
Aiming: Vampiric Draining (safe; 1% risk of failure)
Press: ? - help, Shift-Dir - straight line, f/p - orc wizard
Aim: an orc wizard, wielding a +0 dagger, wearing a +0 robe and carrying a wand of acid (5) (lightly wounded)
You draw life force from the orc wizard.
You feel life coursing into your body.
The orc wizard zaps a wand.
The bolt of acid hits you!!
* * * LOW HITPOINT WARNING * * *
The orc wizard hits you with a +0 dagger.
You die...

#_..................._#
###......8...8......###
###.............###
###....⌠....###
###.............###
###......8...8......###
#_..................._#
..
########.§.8...########
.. ##@o...##...##.# ..
# ##o÷.##....#..##.#
.#.###o###..........#
.....#Z#..........#..
#......o.........##.#
##..........†........
#.....#.........#.##
..Zo.##.......#...###
.....o#..##.#.##.....<


You could see 2 orc wizards, 2 orcs and a wyvern zombie.

Vanquished Creatures
  A hornet (D:7)
  A steam dragon (D:6)
  A necrophage (D:5)
  An ogre (D:5)
  A phantom (D:5)
  3 scorpions
  3 howler monkeys (D:7)
  7 orc priests
  3 hounds
  2 human zombies (Ossuary)
  A jelly (D:4)
  2 bullfrog skeletons
  3 iguanas
  4 orc wizards
  2 hound skeletons
  5 mummies (Ossuary)
  A howler monkey zombie (D:6)
  Robin (D:4)
  3 gnolls (D:6)
  7 adders
  An adder skeleton (D:4)
  A worm (D:3)
  3 dart slugs
  9 orcs
  4 bats
  3 endoplasms
  6 giant cockroaches
  17 goblins
  6 hobgoblins
  2 jackals (D:3)
  8 kobolds
  4 quokkas
  6 ball pythons
  A frilled lizard (D:1)
  A gnoll zombie (Ossuary)
  A hobgoblin zombie (Ossuary)
  4 orc zombies (Ossuary)
  5 rats
134 creatures vanquished.

Notes
Turn   | Place    | Note
-------+----------+-------------------------------------------
     0 | D:1      | bonscott the Vampire Necromancer began the quest for the
                  | Orb.
     0 | D:1      | Reached XP level 1. HP: 13/13 MP: 3/3
   258 | D:1      | Reached XP level 2. HP: 14/19 MP: 0/5
   495 | D:1      | Reached skill level 5 in Necromancy
  1244 | D:2      | Gained mutation: You are afflicted with vampirism and can
                  | become a bat while bloodless. [Vampire growth]
  1244 | D:2      | Reached XP level 3. HP: 23/24 MP: 4/7
  1715 | D:2      | Found a faded altar of an unknown god.
  1965 | D:3      | Learned a level 3 spell: Vampiric Draining
  2146 | D:3      | Reached XP level 4. HP: 23/30 MP: 1/9
  3283 | D:4      | Reached skill level 1 in Armour
  3283 | D:4      | Reached XP level 5. HP: 18/35 MP: 6/11
  3441 | D:5      | Entered Level 5 of the Dungeon
  3831 | D:4      | Reached XP level 6. HP: 38/41 MP: 7/12
  3899 | D:4      | Noticed a two-headed ogre
  4108 | D:4      | Found a burning altar of Makhleb.
  4496 | D:4      | Noticed Robin
  4567 | D:4      | Killed Robin
  4906 | D:5      | Reached skill level 1 in Fighting
  5012 | D:5      | Found a staircase to the Ecumenical Temple.
  5022 | Temple   | Entered the Ecumenical Temple
  5236 | D:5      | Noticed a water moccasin
  5448 | D:5      | Reached XP level 7. HP: 51/51 MP: 2/13
  5579 | D:5      | Found Ryg Ceoth's Jewellery Boutique.
  6244 | D:5      | Reached skill level 1 in Slings
  6939 | D:6      | Reached XP level 8. HP: 60/60 MP: 9/14
  7105 | D:6      | Found a sand-covered staircase.
  7282 | D:6      | Reached skill level 6 in Necromancy
  7481 | Ossuary  | Entered an ossuary
  8326 | D:6      | Found a hazy altar of Hepliaklqana.
  8565 | D:6      | Identified the ring of Mojepaxun {rPois Dex+2}
  8604 | D:6      | Reached skill level 5 in Spellcasting
  8721 | D:6      | Noticed Blork the orc
  8767 | D:7      | Found a bloodstained altar of Trog.
  8767 | D:7      | Found a shadowy altar of Dithmenos.
  8767 | D:7      | Found an ancient bone altar of Kikubaaqudgha.
  8869 | D:7      | Found a shimmering blue altar of Sif Muna.
  8877 | D:7      | Became a worshipper of Sif Muna the Loreminder
  8883 | D:7      | Found a sparkling altar of Nemelex Xobeh.
  9010 | D:7      | Reached skill level 7 in Necromancy
  9013 | D:7      | Noticed a hornet
  9028 | D:7      | Killed a hornet
  9296 | D:7      | Slain by an orc wizard

Illustrated notes

Levels and vault maps discovered:
D:1:      enne_arrival_octagon_isle, layout_rooms, minmay_pentomino_r2
D:2:      layout_basic, hellmonk_ecumenical_altar_leap_of_faith,
          minmay_misc_feat_ornament, hex_intersection, minmay_quantized
D:3:      layout_basic
D:4:      layout_basic, makhleb_heckhound_becter, grunt_ministairs_3, uniq_robin
D:5:      layout_layer_cave, minmay_temple_entry_junction_2, serial_shops, shop,
          hangedman_abyss_or_decor_passed
D:6:      layout_loops_ring, nicolae_hepliaklqana_hazy_memory,
          lightli_ossuary_entry_decrepit_ruins, uniq_blork_the_orc,
          uniq_crazy_yiuf_cottage
D:7:      layout_cave_pools, minmay_overflow_temple_star_hex, uniq_menkaure
Temple:   cyrus_circular_temple

Skill      XL: |  1  2  3  4  5  6  7  8 |
---------------+-------------------------+-----
Necromancy     | 5 7 |  7.6
Spellcasting   | 3 4 5 |  5.0
Armour         | 1 3 4 |  4.0
Fighting       | 2 4 |  4.1
Slings         | 3 4 |  4.0
Dodging        | |  2.1
Stealth        | |  3.0

Action                   |  1- 3 |  4- 6 |  7- 9 || total
-------------------------+-------+-------+-------++-------
Melee: Club              |     1 |     5 |    86 ||    92
       Bite              |       |       |    19 ||    19
 Fire: Hunting sling     |    17 |    45 |   122 ||   184
Throw: Dart              |       |     2 |     3 ||     5
       Stone             |       |       |     6 ||     6
 Cast: Pain              |    81 |    78 |    42 ||   201
       Vampiric Draining |       |     8 |    13 ||    21
  Use: Scroll            |     2 |     4 |     1 ||     7
Armor: Robe              |     2 |     7 |    26 ||    35
Dodge: Dodged            |    12 |    12 |    63 ||    87
